Map: [ESL] Oceanborn

Players

HeroMarine - Winner!

  • Race: Terran Terran
  • Spawn Location: 11:00

Harstem

  • Race: Protoss Protoss
  • Spawn Location: 5:00

Event: ESL SC2 Masters 2024 Spring (Regional)

VOD

Have the link to the VOD?

Description

Time

  • Played on: May 4, 2024, 9:55 a.m.
  • Length: 9:32

All games in this series

Show
View Real Time Build Order
Export as new Build Order

HeroMarine Terran - Winner!

Build Orders:  

Get SALT Encoding   

  12  0:00  SCV  
  13  0:12  SCV  
  14  0:17  Supply Depot  
  14  0:24  SCV  
  15  0:39  SCV  
  15  0:40  Barracks  
  16  0:45  Refinery  
  16  0:51  SCV  
  17  0:58  Refinery  
  17  1:03  SCV  
  18  1:15  SCV  
  19  1:27  Orbital Command, Reaper  
  20  1:46  Factory  
  20  1:52  Supply Depot  
  20  1:54  SCV  
  21  1:58  Bunker  
  21  1:59  Reaper  
  22  2:06  SCV  
  23  2:18  SCV  
  24  2:30  SCV  
  24  2:32  Factory Reactor  
  24  2:36  Command Center  
  25  2:42  SCV  
  26  2:44  Supply Depot  
  26  2:49  Starport  
  26  2:54  SCV  
  27  3:06  SCV  
  27  3:09  Widow Mine x2  
  32  3:18  SCV  
  33  3:30  SCV  
  33  3:32  Widow Mine x2, Medivac  
  38  3:42  SCV  
  38  3:49  Bunker  
  38  3:50  Orbital Command  
  38  3:55  SCV  
  39  3:57  Marine x2  
  39  4:02  Factory Tech Lab  
  41  4:07  SCV  
  41  4:08  Barracks  
  42  4:10  Starport Tech Lab  
  42  4:15  SCV, Marine x2  
  45  4:19  SCV, Supply Depot  
  45  4:21  Siege Tank  
  49  4:28  SCV, Raven  
  52  4:33  Marine x2  
  54  4:41  SCV x2  
  54  4:45  Supply Depot  
  54  4:46  Supply Depot  
  52  4:53  SCV x2, Siege Tank, Marine x2  
  52  4:54  Engineering Bay  
  52  4:59  Barracks  
  59  5:05  SCV x2  
  61  5:07  Refinery  
  61  5:10  Supply Depot  
  61  5:11  Stimpack  
  61  5:17  SCV x2, Marine x2  
  61  5:20  Marine  
  62  5:25  Terran Infantry Weapons Level 1  
  60  5:29  SCV x2  
  60  5:34  Supply Depot  
  60  5:35  Marine x2  
  64  5:38  Marine  
  64  5:39  Starport Reactor, Factory Reactor  
  64  5:41  SCV x2  
  66  5:52  Marine  
  66  5:53  SCV x2, Marine  
  67  6:00  Combat Shield  
  67  6:01  Marauder x2  
  71  6:05  Supply Depot, Refinery  
  71  6:06  SCV x2  
  71  6:10  Supply Depot  
  73  6:12  Marine  
  73  6:13  Marine  
  73  6:16  Medivac  
  79  6:22  Medivac, Supply Depot, Marine x2  
  81  6:29  Command Center  
  81  6:30  Marine x2  
  81  6:32  Widow Mine  
  85  6:33  Widow Mine  
  87  6:40  Marauder x2  
  91  6:48  Marine x2  
  91  6:53  Supply Depot  
  93  6:54  Barracks  
  93  6:55  Barracks  
  93  6:56  Medivac x2  
  97  7:02  Marauder  
  97  7:03  Marauder  
  97  7:04  Concussive Shells  
  97  7:08  SCV x2  
  103  7:11  Widow Mine  
  103  7:12  Widow Mine  
  106  7:15  Marine x2  
  106  7:23  Marauder  
  106  7:25  Marauder  
  106  7:26  Missile Turret x2  
  110  7:31  Medivac  
  110  7:33  Widow Mine  
  108  7:37  Medivac  
  108  7:40  SCV  
  104  7:44  Marauder  
  104  7:45  SCV  
  104  7:46  Marauder  
  106  7:51  SCV  
  106  7:52  Marine  
  93  7:58  Marine  
  93  7:59  SCV  
  93  8:02  Marine x2  
  92  8:09  SCV  
  92  8:10  Orbital Command  
  92  8:11  SCV  
  90  8:18  Marine  
  91  8:21  SCV, Marine  
  91  8:23  SCV  
  91  8:24  Marine  
  91  8:26  Marine  
  96  8:29  Marine  
  96  8:30  Marine  
  99  8:36  Siege Tank  
  99  8:37  Viking  
  99  8:38  Marine  
  99  8:39  Marine  
  105  8:42  Marine  
  109  8:52  Marine x2  
  109  8:53  Marine  
  109  8:54  Marine  
  110  8:56  Missile Turret  
  110  8:59  Marine x2  
  110  9:01  Marine x2  
  114  9:03  SCV  
  114  9:04  SCV  
  114  9:08  SCV  
  109  9:15  SCV  
  109  9:16  SCV  
  106  9:20  SCV  
  109  9:24  Starport Reactor  
Show
View Real Time Build Order
Export as new Build Order

Harstem Protoss 

Build Orders: 1 Gate Expand, Blink Stalkers 

Get SALT Encoding   

  12  0:00  Probe  
  13  0:12  Probe  
  14  0:17  Pylon  
  14  0:24  Probe (Chrono Boost)  
  15  0:36  Probe (Chrono Boost), Gateway  
  16  0:44  Probe (Chrono Boost)  
  16  0:45  Assimilator  
  17  0:51  Probe  
  18  1:03  Probe  
  19  1:15  Probe  
  20  1:23  Cybernetics Core  
  20  1:31  Nexus  
  20  1:37  Pylon  
  20  1:40  Probe  
  20  1:46  Assimilator  
  21  1:53  Probe  
  22  1:56  Stalker (Chrono Boost)  
  24  2:05  Probe  
  24  2:07  Shield Battery  
  25  2:17  Probe  
  25  2:18  Warp Gate  
  26  2:27  Stalker (Chrono Boost)  
  26  2:29  Probe  
  29  2:41  Probe  
  29  2:43  Probe  
  31  2:51  Stalker  
  33  2:53  Probe  
  33  2:55  Probe  
  35  3:02  Twilight Council  
  35  3:09  Probe x2  
  37  3:21  Stalker, Probe  
  37  3:23  Probe  
  41  3:33  Probe  
  42  3:34  Blink (Chrono Boost)  
  42  3:35  Probe  
  43  3:45  Probe  
  45  3:51  Pylon  
  45  3:53  Probe  
  45  3:54  Gateway  
  45  3:59  Robotics Facility, Probe  
  46  4:07  Pylon  
  46  4:09  Probe  
  47  4:11  Probe  
  47  4:13  Assimilator, Stalker  
  50  4:17  Pylon  
  50  4:31  Nexus  
  36  4:39  Probe  
  36  4:40  Stalker  
  36  4:42  Probe  
  37  4:51  Stalker, Probe  
  40  4:54  Probe  
  41  5:03  Probe (Chrono Boost)  
  41  5:05  Dark Shrine  
  41  5:06  Probe (Chrono Boost)  
  43  5:15  Probe (Chrono Boost)  
  43  5:18  Probe (Chrono Boost)  
  45  5:22  Probe (Chrono Boost)  
  45  5:23  Probe (Chrono Boost)  
  45  5:25  Observer, Stalker  
  49  5:31  Probe (Chrono Boost)  
  49  5:34  Stalker  
  49  5:35  Probe (Chrono Boost)  
  55  5:46  Probe x2 (Chrono Boost)  
  55  5:47  Warp Prism (Chrono Boost)  
  57  5:51  Probe (Chrono Boost)  
  57  5:56  Probe  
  60  5:59  Probe  
  60  6:02  Stalker  
  61  6:04  Probe  
  61  6:07  Stalker  
  61  6:09  Probe  
  65  6:12  Probe  
  65  6:16  Observer  
  65  6:17  Probe  
  67  6:21  Probe  
  67  6:24  Probe  
  67  6:25  Observer, Gateway  
  69  6:29  Probe  
  69  6:31  Charge (Chrono Boost)  
  69  6:32  Stalker x2  
  74  6:33  Observer, Probe  
  74  6:35  Pylon  
  74  6:36  Probe  
  74  6:39  Observer  
  76  6:44  Pylon  
  78  6:50  Gateway  
  78  6:52  Gateway x2  
  76  6:56  Gateway  
  76  6:57  Probe  
  77  7:04  Dark Templar  
  77  7:05  Dark Templar  
  81  7:15  Probe  
  82  7:17  Pylon  
  82  7:22  Shield Battery  
  82  7:24  Dark Templar  
  80  7:32  Probe x2  
  80  7:42  Zealot x2  
  83  7:45  Pylon, Probe  
  83  7:46  Zealot  
  83  7:48  Pylon  
  85  7:55  Zealot x3  
  78  7:58  Stalker  
  67  8:06  Observer  
  67  8:07  Stalker x2  
  68  8:22  Zealot x4  
  68  8:26  Zealot  
  78  8:28  Probe  
  79  8:36  Zealot x2  
  83  8:44  Zealot x2  
  83  8:47  Zealot  
  88  8:52  Zealot  
  90  8:57  Zealot x2  
  92  9:09  Zealot x3  
  90  9:14  Probe  
  90  9:15  Sentry  
  90  9:16  Sentry  
  77  9:22  Sentry  
  77  9:24  Stalker  
Tags
 
Add a new tag
Caveats
  • Supply blocks, unpowered buildings, or Contaminate may cause inaccurate times.
  • Supply counts are checked every 10 seconds.